 Dungeon Crawl Stone Soup version 0.25.0-9-g26727b657a (webtiles) character file.

Game seed: 12867598537155625388

417 Esekla the Slasher (level 6, 0/41 HPs)
             Began as an Octopode Skald on June 19, 2020.
             Was an Initiate of Gozag.
             Killed from afar by an orc wizard (10 damage)
             ... with a puff of flame
             ... on level 3 of the Dungeon.
             The game lasted 00:18:55 (3968 turns).

Esekla the Slasher (Octopode Skald)                 Turns: 3968, Time: 00:18:56

Health: 0/41       AC: -1    Str: 10    XL:     6   Next: 93%
Magic:  7/9        EV: 15    Int: 17    God:    Gozag
Gold:   301        SH:  0    Dex: 12    Spells: 4/9 levels left

rFire    . . .     SeeInvis .   a - +0 falchion
rCold    . . .     Gourm    .   (no shield)
rNeg     . . .     Faith    .   f - +2 hat
rPois    +         Spirit   .   (no amulet)
rElec    .         Reflect  .   g - ring of poison resistance
rCorr    .         Harm     .   o - -4 ring of protection (curse)
MR       .....                  p - ring of attention (curse)
Stlth    ++........             (no ring)
HPRegen  0.13/turn              (no ring)
MPRegen  0.11/turn              (no ring)
                                (no ring)
                                (no ring)

@: singing, gold aura
A: almost no armour, stealthy swim, amphibious, 8 rings, constrict 8, camouflage
1, gelatinous body 1
a: Potion Petition, Call Merchant, Bribe Branch, Renounce Religion


You were on level 3 of the Dungeon.
You worshipped Gozag.
Gozag was aware of your devotion.
You were not hungry.

You visited 2 branches of the dungeon, and saw 6 of its levels.

You collected 375 gold pieces.
You paid 74 gold pieces to Gozag.

Inventory:

Hand Weapons
 a - a +0 falchion (weapon)
 t - a +0 short sword
Missiles
 l - 5 boomerangs
 u - 2 datura-tipped darts (quivered)
Armour
 f - a +2 hat (worn)
Jewellery
 g - a ring of poison resistance (left tentacle)
 o - a cursed -4 ring of protection (right tentacle)
 p - a cursed ring of attention (on tentacle)
Scrolls
 d - a scroll of immolation
 h - 2 scrolls of magic mapping {unknown}
 i - a scroll of enchant armour {unknown}
 m - 2 scrolls of teleportation {unknown}
 q - a scroll of blinking {unknown}
 s - 2 scrolls of identify {unknown}
 w - a scroll of enchant weapon {unknown}
Potions
 b - a potion of ambrosia {unknown}
 e - a potion of heal wounds {unknown}
 j - a potion of resistance {unknown}
 k - a potion of curing {unknown}
 n - a potion of brilliance {unknown}
 r - a potion of lignification {unknown}
 v - 2 potions of invisibility {unknown}
Comestibles
 c - 3 rations


   Skills:
 + Level 2.7 Fighting
 * Level 4.7 Long Blades
 * Level 4.4 Dodging
 + Level 2.3 Stealth
 + Level 2.3 Spellcasting
 - Level 3.0 Charms
 * Level 1.8 Translocations


You had 4 spell levels left.
You knew the following spells:

 Your Spells              Type           Power        Failure   Level  Hunger
a - Infusion              Chrm           ##..         5%          1    #......
g - Shroud of Golubria    Chrm/Tloc      ##....       11%         2    ###....
s - Song of Slaying       Chrm           ##......     9%          2    ###....

Your spell library contained the following spells:

 Spells                   Type           Power        Failure   Level  Hunger
 Ozocubu's Armour         Chrm/Ice       #.......     30%         3    ###....
 Spectral Weapon          Hex/Chrm       #.......     30%         3    ###....


Dungeon Overview and Level Annotations

Branches:
Dungeon (5/15)             Temple (1/1) D:4

Altars:
Ashenzari
Cheibriados
Dithmenos
Gozag
Makhleb
Okawaru
Ru

Annotations:
D:4 2 transporters, grom234's ghost, amateur FoFi


Innate Abilities, Weirdness & Mutations

You cannot wear most types of armour.
You are very stealthy in the water. (Stealth+)
You are amphibious.
You can wear up to eight rings at the same time.
You can use your tentacles to constrict eight enemies at once.
Your skin changes colour to match your surroundings (Stealth+).
Your rubbery body absorbs attacks. (AC +1, EV +1)


Message History

You hit the worm. Your grab misses the worm.
The worm is moderately wounded.
You hit the worm but do no damage. Your grab misses the worm.
You squeeze the worm!
The worm is almost dead.
The worm bites you!
You hit the worm.
You kill the worm!
You hit the orc wizard. Your grab misses the orc wizard.
The orc wizard is moderately wounded.
The orc wizard hits you with a +0 dagger.
The orc hits you with a +0 whip.
* * * LOW HITPOINT WARNING * * *
You hit the orc wizard. Your grab misses the orc wizard.
You squeeze the orc wizard.
The orc wizard is almost dead.
The orc wizard casts a spell at you. The puff of flame hits you!
You die...
Your body crumbles into a pile of gold.

..##.........###. #....
#..... ...##......# ...
#.... ###### ...##......#
#.. ..... ......#....# #.#
..##....#### #.#
..........<###.#
#.##.#..#......#
#....#....####.####
###.....### #..@o##
##.>..#########o.#####.##
##..........#w$.........S
............).oo##.#####..#
..#.##.......o####.# ....
#........# #.. ...
#........# ##.. .#
#..........# #..
#...(....#.# ###


You could see an orc wizard and an orc.

Vanquished Creatures
  A scorpion (D:4)
  An orc priest (D:3)
  3 hounds
  2 orc wizards
  A worker ant (D:4)
  A hound skeleton (D:4)
  3 adders
  2 gnolls (D:3)
  An ooze (D:1)
  4 worms
  3 dart slugs
  6 leopard geckos
  6 orcs
  A ball python (D:2)
  10 bats
  5 giant cockroaches
  7 goblins
  8 hobgoblins
  5 jackals
  A quokka (D:4)
  2 frilled lizards
  2 kobolds
  5 rats
80 creatures vanquished.

Notes
Turn   | Place    | Note
-------+----------+-------------------------------------------
     0 | D:1      | Esekla the Octopode Skald began the quest for the Orb.
     0 | D:1      | Reached XP level 1. HP: 14/14 MP: 3/3
   112 | D:1      | Reached XP level 2. HP: 19/19 MP: 5/5
   236 | D:1      | Learned a level 2 spell: Shroud of Golubria
   239 | D:1      | Learned a level 2 spell: Song of Slaying
   538 | D:1      | Reached XP level 3. HP: 22/24 MP: 2/6
  1093 | D:2      | Reached skill level 1 in Stealth
  1093 | D:2      | Reached skill level 1 in Translocations
  1093 | D:2      | Reached XP level 4. HP: 15/29 MP: 4/7
  1120 | D:2      | Found a snail-covered altar of Cheibriados.
  1154 | D:2      | Found a sacrificial altar of Ru.
  1615 | D:2      | Reached XP level 5. HP: 24/34 MP: 8/8
  2464 | D:2      | You fall into a shaft and drop 2 floors!
  2464 | D:4      | Found a staircase to the Ecumenical Temple.
  2472 | Temple   | Entered the Ecumenical Temple
  2503 | Temple   | Became a worshipper of Gozag Ym Sagoz the Greedy
  2587 | D:4      | Found a transporter.
  2587 | D:4      | Noticed grom234's ghost (amateur FoFi)
  2966 | D:3      | Reached XP level 6. HP: 28/39 MP: 9/9
  3061 | D:5      | Entered Level 5 of the Dungeon
  3759 | D:4      | Found a transporter.
  3762 | D:4      | Noticed a phantom
  3968 | D:3      | Killed from afar by an orc wizard

Illustrated notes

Levels and vault maps discovered:
D:1:      matt_arrival_diagonals, layout_loops_corners
D:2:      layout_basic, nicolae_ru_great_annihilating_truth, lemuel_doored_altar
D:3:      layout_rooms, minmay_quantized
D:4:      layout_loops_corners, minmay_temple_entry_junction,
          gammafunk_ghost_mausoleum, first_ration
D:5:      layout_rooms, serial_shops, kennysheep_mini
Temple:   minmay_temple_curvy_branch

Skill      XL: |  1  2  3  4  5  6 |
---------------+-------------------+-----
Dodging        | 3 4 |  4.4
Long Blades    | 3 4 |  4.7
Stealth        | 1 2 |  2.3
Translocations | 1 |  1.8
Fighting       | |  2.7
Spellcasting   | |  2.3
Charms         | |  3.0

Action                   |  1- 3 |  4- 6 || total
-------------------------+-------+-------++-------
Melee: Falchion          |    60 |   135 ||   195
       Constrict         |    14 |    41 ||    55
       Tentacles         |     6 |    25 ||    31
       Dagger            |       |     4 ||     4
Throw: Dart              |       |     2 ||     2
 Cast: Shroud of Golubri |     2 |     9 ||    11
       Song of Slaying   |     1 |     3 ||     4
       Infusion          |       |     1 ||     1
  Use: Scroll            |       |     3 ||     3
 Stab: Sleeping          |     4 |     4 ||     8
       Invisible         |       |     1 ||     1
       Paralysed         |       |     1 ||     1
  Eat: Chunk             |       |     6 ||     6
       Ration            |       |     2 ||     2
Armor: Skin              |    13 |     7 ||    20
Dodge: Dodged            |    44 |   101 ||   145
       Rpst.: Falchion   |    15 |    33 ||    48
